 Dungeon Crawl Stone Soup version 0.30-b1-2-g02819fbbbe (webtiles) character file.

Game seed: 1779531555583175541

28 Alarkh the Sneak (level 3, 42/43 HPs)
             Began as a Demonspawn Delver on May 22, 2023.
             Quit the game on level 4 of the Dungeon.
             The game lasted 00:00:29 (88 turns).

Alarkh the Sneak (Demonspawn Delver)                  Turns: 88, Time: 00:00:30

Health: 42/43      AC: 21    Str: 12    XL:     3   Next: 0%
Magic:  3/3        EV:  2    Int: 13    God:
Gold:   9          SH:  0    Dex: 14    Spells: 2/2 levels left

rFire   . .          .
                       - Unarmed
rCold   . . .        (no shield)
rNeg    . . .        a - melded +0 leather armour
rPois   +            (helmet currently unavailable)
rElec   .            (cloak currently unavailable)
rCorr   .            (gloves currently unavailable)
SInv    .            (boots currently unavailable)
Will    .....        (no amulet)
Stlth   +++          (no ring)
HPRegen 0.27/turn    (no ring)
MPRegen 0.08/turn

%: no passive effects
@: tree-form
A: stationary, stasis, torment immunity, boosted hp, (antennae 1)
a: no special abilities


You were on level 4 of the Dungeon.
You were a tree.
You visited 1 branch of the dungeon, and saw 2 of its levels.

You collected 9 gold pieces.

Inventory:

Armour
 a - a +0 leather armour (melded)
Wands
 f - a wand of digging (3)
Scrolls
 b - a scroll of fog
 c - a scroll of magic mapping
Potions
 d - a potion of lignification
 e - a potion of haste


   Skills:
 - Level 3.0 Fighting
 - Level 1.7 Dodging
 - Level 4.5 Stealth
 + Level 3.2 Unarmed Combat


You had 2 spell levels left.
You didn't know any spells.
Your spell library was empty.

Dungeon Overview and Level Annotations

Branches:
Dungeon (5/15)
 Temple: D:4-7

Altars:
Fedhas


Innate Abilities, Weirdness & Mutations

You are a tree.
Your roots penetrate the ground, keeping you stationary.
You cannot be teleported.
You are immune to unholy pain and torment.
Your maximum health is greatly increased.
Your equipment is partially melded.
((You have a pair of small antennae on your head.))


Message History

The ball python bites you. The ball python constricts you.
You hit the ball python.
The ball python is severely wounded.
The ball python barely misses you. The ball python constricts you.
You hit the ball python.
You kill the ball python!
No target in view!
No target in view!
No target in view!
No target in view!
No target in view!
No target in view!
There is an open door here.
You start resting.
HP restored.
A hound is nearby!
You see here 2 golden potions.
d - 2 golden potions It was a potion of lignification.
You turn into a tree.
Your +0 leather armour melds into your body.
Your roots penetrate the ground.
The hound stops to sniff the ground.
The hound bites you but does no damage.
You hit the hound.
The hound is heavily wounded.
The hound bites you but does no damage. x2
You barely miss the hound.
The hound is heavily wounded.
The hound bites you but does no damage.
You smack the hound!
You kill the hound!
Your Unarmed Combat skill gained 2 levels and is now at level 3!
You have reached level 2!
Your demonic ancestry asserts itself...
A pair of antennae grows on your head!
You have reached level 3!
Your experience leads to an increase in your attributes!
Increase (S)trength, (I)ntelligence, or (D)exterity?
You feel clever. x2
Are you sure you want to abandon this character and quit the game? (Confirm with "yes".)

#.....#...#......
#.....#'###......
#................
+................
#.....h..........
###................
#....#+###########.
+....# . #.♣..#
#....# .......#
#.......# +.......+
#.......# #########


There were no monsters in sight!

Vanquished Creatures
  A hound (D:4)
  A ball python (D:4)
2 creatures vanquished.

Notes
Turn   | Place    | Note
-------+----------+-------------------------------------------
     0 | D:5      | Alarkh the Demonspawn Delver began the quest for the Orb.
     0 | D:5      | Reached XP level 1. HP: 18/18 MP: 1/1
    11 | D:5      | Noticed a howler monkey
    26 | D:5      | Found a blossoming altar of Fedhas.
    26 | D:5      | Noticed a hound
    46 | D:4      | Noticed a sleepcap
    87 | D:4      | Killed a hound
    88 | D:4      | Gained mutation: You have a pair of small antennae on your
                  | head. [demonic ancestry]
    88 | D:4      | Reached XP level 2. HP: 24/24 MP: 2/2
    88 | D:4      | Reached XP level 3. HP: 29/29 MP: 3/3
    88 | D:4      | Quit the game

Illustrated notes

Levels and vault maps discovered:
D:4:      layout_gridville
D:5:      cheibrodos_quashed, layout_loops_ring, fedhas_altar_2,
          mainiacjoe_overflow_paths, lemuel_coloured_pillars_altar,
          lemuel_tele_altar, hex_tiny, minmay_diced_spiral

Skill      XL: |  1 |
---------------+----+-----
Unarmed Combat | 3 |  3.2
Fighting       | |  3.0
Dodging        | |  1.7
Stealth        | |  4.5

Action                     || total
---------------------------++-------
  Melee: Unarmed           ||     9
    Use: Scroll            ||     1
         Potion            ||     1
 Armour: Skin              ||     4
         Leather armour    ||     2
  Dodge: Dodged            ||     4
